[Event "Baku Open 2024"]
[Site "Baku"]
[Date "2024.07.07"]
[Round "9.34"]
[White "Alizada, Pasham"]
[Black "Dolgun, Can"]
[Result "0-1"]
[ECO "B42"]
[WhiteElo "2070"]
[BlackElo "2264"]
[Annotator "RC"]
[PlyCount "150"]
[EventDate "2024.06.29"]
[EventType "swiss"]
[EventCountry "AZE"]
[SourceTitle "playchess.com"]
[Source "ChessBase"]
[SourceQuality "1"]
[TimeControl "5400+30"]

1. e4 c5 2. Nf3 e6 3. d4 cxd4 4. Nxd4 a6 5. Bd3 Qc7 6. O-O Bc5 7. Nb3 Ba7 8. Qg4 g6 9. Nc3 Nc6 10. Bf4 d6 11. Qg3 e5 12. Nd5 Qd8 13. Bd2 Be6 14. c4 Qd7 15. Rac1 Nd4 16. Nxd4 Bxd4 17. Be3 Bxe3 18. Qxe3 Bxd5 19. cxd5 Ne7 20. Qh6 Rc8 21. Qg7 Rf8 22. Qxh7 Rxc1 23. Rxc1 Qa4 24. Qh4 Qb4 25. Qf6 Qb6 26. Be2 Rg8 27. h4 Kf8 28. b3 Rg7 29. Rc4 Rh7 30. Bg4 Ke8 31. g3 Qd8 32. a4 Qb8 33. b4 Kf8 34. b5 axb5 35. axb5 b6 36. Kg2 Ke8 37. Rc2 Kf8 38. Rc3 Ke8 39. Rc4 Kf8 40. Rc2 Ke8 41. f4 exf4 42. gxf4 Kf8 43. Kg3 Ke8 44. Ra2 Qd8 45. Qa1 f5 46. Ra8 Nc8 47. exf5 gxf5 48. Bxf5 Qxh4+ 49. Kg2 Qh2+ 50. Kf3 Qh5+ 51. Bg4 Qxd5+ 52. Ke3 Qb3+ 53. Kd4 Qb4+ 54. Ke3 Qb3+ 55. Kd4 Qb4+ 56. Ke3 Re7+ 57. Kf3 Qb3+ 58. Kg2 Qc2+ 59. Kg3 Qd3+ 60. Kh4 Rh7+ 61. Kg5 Qd5+ 62. Kf6 Qf7+ 63. Kg5 Rg7+ 64. Qxg7 Qxg7+ 65. Kh4 Qe7+ 66. Kh5 Qf7+ 67. Kh4 Qxf4 68. Rxc8+ Ke7 69. Kh3 d5 70. Rc6 Qf1+ 71. Kg3 Qxb5 72. Re6+ Kf7 73. Rd6 Qd3+ 74. Kf4 Qe4+ 75. Kg5 Qe5+ 0-1

[Event "Baku Open 2024"]
[Site "Baku"]
[Date "2024.07.07"]
[Round "9.35"]
[White "Davudov, Tunar"]
[Black "Bharadia Yash"]
[Result "0-1"]
[ECO "E15"]
[WhiteElo "2249"]
[BlackElo "2100"]
[Annotator "TA"]
[PlyCount "128"]
[EventDate "2024.06.29"]
[EventType "swiss"]
[EventCountry "AZE"]
[SourceTitle "playchess.com"]
[Source "ChessBase"]
[SourceQuality "1"]
[TimeControl "5400+30"]

1. d4 Nf6 2. c4 e6 3. Nf3 b6 4. g3 a5 5. Bg2 Ba6 6. Qc2 Bb4+ 7. Bd2 O-O 8. O-O d5 9. Bxb4 axb4 10. Nbd2 Nbd7 11. Ne5 {[%emt 0:11:29] White has an edge.} Nxe5 12. dxe5 Ng4 13. cxd5 exd5 14. Nf3 Re8 15. Qf5 Nh6 16. Qf4 c5 17. Rfd1 (17. Rfe1 $11) 17... Bxe2 $17 18. Rd2 Bxf3 19. Bxf3 g5 20. Qf6 Qxf6 21. exf6 Rad8 22. Bxd5 Nf5 23. Kg2 Nd4 24. Bc4 Rd6 25. a3 b5 (25... Rxf6 $6 26. axb4 Kg7 27. bxc5 bxc5 28. Rb1 $11) 26. axb4 (26. Bf1 $15) 26... bxc4 27. bxc5 Rdd8 (27... Rxf6 $6 28. Rxd4 Re2 29. Rf1 $11 (29. Rxc4 Rfxf2+ 30. Kh1 Rxh2+ 31. Kg1 Reg2+ 32. Kf1 Rxb2 $19)) 28. Ra4 Ne6 (28... Nc6 $1 $17 29. Rxd8 Rxd8 30. Rxc4 h5) 29. Rxd8 $15 Rxd8 30. Rxc4 {[%emt 0:00:00][%mdl 4096] Endgame. KRN-KR} h6 (30... h5 $15) 31. c6 (31. b4 $11 {remains equal.}) 31... Kh7 $1 $17 32. b4 Nc7 33. Re4 Kg6 34. Re7 Rc8 (34... Kxf6 35. Rxc7 Rd4 36. b5 $18) 35. Rd7 Kxf6 36. Rd6+ {[%emt 0:00:21] [#]} Kg7 (36... Ke7 $1 $17 37. Rd3 Ke6 38. Re3+ Kd6) 37. Rd7 $15 Kg6 38. Kf3 Kf6 39. Ke3 Nb5 {[%emt 0:03:11][%cal Of6e6] Hoping for ...Ke6!} 40. Rd5 Nc3 41. Rc5 Na4 42. Rc2 Ke5 43. b5 Kd5 ({Black should play} 43... Nb6 $15 44. Rc5+ Nd5+ 45. Kd3 Kd6) 44. c7 $11 Nb6 45. Rc6 Nd7 46. Kd2 $2 {[%emt 0:00:27] [#]} ({Better is} 46. Rc2 $11) 46... f6 $2 ({Worse is} 46... Ne5 47. Rc3 Nd7 (47... Nc4+ $2 48. Rxc4 Kxc4 49. b6 $18) 48. h4 $11) (46... Nc5 $1 $17 {Threatens to win with ...Ne4+.} 47. Ke3 Ne6) 47. Kc2 (47. g4 $11 {should be considered.}) 47... Ne5 $15 48. Rc3 {[%emt 0:00:28][%mdl 8192] This costs White the game.} ({Only move:} 48. Rxf6 $15 Rxc7+ 49. Kb3) 48... Nc4 $19 49. Kb3 (49. Rd3+ {might work better.} Ke6 50. Rd8 Rxc7 51. Re8+ Kf7 52. Rb8) 49... Rxc7 50. Kb4 Rc8 51. Rf3 Ke6 52. Rc3 Nd6 {[%emt 0:00:06] And now ...Rxc3 would win.} 53. Re3+ Kd7 54. Rd3 Rb8 55. Rd5 (55. Ka4 $142) 55... Ke6 56. Rc5 g4 {[%emt 0:00:35][%cal Ob8b5] ( -> ...Rxb5+!)} 57. Rh5 {[%emt 0:00:52] [#]} Rxb5+ $1 {[%emt 0:00:05][%mdl 512] Black mates.} 58. Rxb5 Nxb5 59. Kxb5 {[%emt 0:00:05] K3P-K3P} Kd5 60. Kb6 Ke4 61. Kc5 Kf3 62. Kd5 Kxf2 63. Ke4 Kg2 64. Kf5 h5 {[%emt 0:00:04] Weighted Error Value: White=0.47/Black=0.13 (very precise) .  Loses game:     	White=1     	---        Mistake:       	White=7     	Black=5      Inaccurate:     	White=5     	Black=5      OK:         	White=19    	Black=22     Best:        	White=3     	Black=7      Strong:       	---       	Black=1} 0-1

[Event "Baku Open 2024"]
[Site "Baku"]
[Date "2024.07.07"]
[Round "9.36"]
[White "Vrashank Chouhan"]
[Black "Fataliyeva, Ulviyya"]
[Result "1/2-1/2"]
[ECO "D32"]
[WhiteElo "2209"]
[BlackElo "2399"]
[Annotator "TA"]
[PlyCount "20"]
[EventDate "2024.06.29"]
[EventType "swiss"]
[EventCountry "AZE"]
[SourceTitle "playchess.com"]
[Source "ChessBase"]
[SourceQuality "1"]
[TimeControl "5400+30"]

1. Nf3 d5 2. e3 Nf6 3. c4 e6 4. b3 Be7 5. Bb2 O-O 6. Nc3 c5 7. cxd5 exd5 8. d4 Nc6 9. Be2 Ne4 10. O-O cxd4 {[%emt 0:00:22] Not much happened in this game.   Weighted Error Value: White=0.06 (flawless) /Black=0.00 (flawless) .  Best:        	---       	Black=1} 1/2-1/2

[Event "Baku Open 2024"]
[Site "Baku"]
[Date "2024.07.07"]
[Round "9.37"]
[White "Kulnev, Aleksandr"]
[Black "Putrenko, Kirill"]
[Result "1/2-1/2"]
[ECO "E08"]
[WhiteElo "2127"]
[BlackElo "2349"]
[Annotator "TA"]
[PlyCount "80"]
[EventDate "2024.06.29"]
[EventType "swiss"]
[EventCountry "AZE"]
[SourceTitle "playchess.com"]
[Source "ChessBase"]
[SourceQuality "1"]
[TimeControl "5400+30"]

1. d4 Nf6 2. c4 e6 3. Nf3 d5 4. g3 Bb4+ 5. Bd2 Be7 6. Bg2 O-O 7. O-O c6 8. Qc2 Nbd7 9. Bf4 a5 10. Rd1 h6 11. Nbd2 Nh5 12. Be3 {[%emt 0:00:09] Weiß hat minimalen Vorteil.} Bd6 13. Nf1 Qe7 14. Bc1 b5 (14... Nhf6 $11) 15. e4 $14 dxe4 16. Qxe4 bxc4 17. Ne5 Nhf6 18. Qxc6 Ra6 19. Qb5 Rb6 20. Qxa5 ({Ein No Go ist} 20. Qxc4 Nxe5 21. dxe5 Bxe5 $11) 20... Bb4 $1 21. Qa4 Nxe5 22. dxe5 Ng4 23. Be3 Bc5 24. Qxc4 Nxe3 25. Nxe3 {[%emt 0:00:05] Qc3 ist eine echte Drohung.} Bxe3 26. fxe3 Rxb2 27. Rab1 (27. Qc3 $14 Rb8 28. Qd4) 27... Qa3 $11 28. Rxb2 Qxb2 29. Rd4 Qb1+ 30. Bf1 Bb7 31. Qb3 $1 Qxb3 32. axb3 $14 {[%emt 0:00:06][%mdl 4096] Endspiel. KRB-KRB} Rc8 33. Rb4 Rc7 34. Rc4 Rd7 {[%emt 0:03:31] [#]} 35. Rd4 $1 Rc7 (35... Bc6 $16 {kämpft weiter.}) 36. Rc4 (36. Rd8+ $18 Kh7 37. Bd3+ g6 38. b4) 36... Rd7 $1 37. Rd4 (37. b4 $14) 37... Rc7 $1 $16 38. Rd8+ {[%emt 0:05:10] Weiß steht deutlich besser.} Kh7 39. Bd3+ g6 40. b4 {[%emt 0:01:00] Weiß steht aktiver.} Kg7 {[%emt 0:01:00] Gewichteter Fehlerwert: Weiß=0.13 (sehr präzise) /Schwarz=0.11 (sehr präzise) .  Fehler:       	Weiß=3     	Schwarz=2     Ungenau:       	Weiß=2     	Schwarz=3     OK:         	Weiß=11    	Schwarz=13    Bester:       	Weiß=3     	Schwarz=1     Stark:        	Weiß=2     	Schwarz=3} 1/2-1/2

[Event "Baku Open 2024"]
[Site "Baku"]
[Date "2024.07.07"]
[Round "9.39"]
[White "Ravshanov, Sheralijon"]
[Black "Bayramov, Zaur"]
[Result "0-1"]
[ECO "A70"]
[WhiteElo "2072"]
[BlackElo "2249"]
[Annotator "RC"]
[PlyCount "104"]
[EventDate "2024.06.29"]
[EventType "swiss"]
[EventCountry "AZE"]
[SourceTitle "playchess.com"]
[Source "ChessBase"]
[SourceQuality "1"]
[TimeControl "5400+30"]

1. d4 Nf6 2. c4 c5 3. d5 e6 4. Nc3 exd5 5. cxd5 d6 6. e4 g6 7. h3 Bg7 8. Nf3 O-O 9. Bd3 a6 10. a4 Nbd7 11. O-O Qc7 12. Bf4 Re8 13. Re1 Rb8 14. Qc2 Nh5 15. Bh2 Ne5 16. Be2 Nxf3+ 17. Bxf3 Nf6 18. Be2 Nd7 19. f4 Qa5 20. Bg4 Qb4 21. e5 h5 22. Bxd7 Bxd7 23. e6 fxe6 24. Qxg6 exd5 25. f5 Bc6 26. Bxd6 Rbd8 27. Re6 Rxe6 28. Qxe6+ Kh7 29. Be5 Bxe5 30. Qe7+ Bg7 31. Qxd8 Qd4+ 32. Kh1 Qf6 33. Qxf6 Bxf6 34. Re1 Kh6 35. Kg1 Kg5 36. Kf2 Kxf5 37. g4+ hxg4 38. hxg4+ Kxg4 39. Ke2 d4 40. Nd1 c4 41. b3 b5 42. axb5 axb5 43. bxc4 bxc4 44. Nb2 Bb5 45. Nxc4 Bxc4+ 46. Kd1 Kf3 47. Re8 Bg5 48. Kc2 Be3 49. Rf8+ Ke2 50. Rd8 Bb5 51. Rd6 d3+ 52. Kb2 d2 0-1

[Event "Baku Open 2024"]
[Site "Baku"]
[Date "2024.07.07"]
[Round "9.40"]
[White "Saravana, Krishnan P."]
[Black "Voinikonis, Nikita"]
[Result "1/2-1/2"]
[ECO "C42"]
[WhiteElo "2236"]
[BlackElo "2129"]
[Annotator "TA"]
[PlyCount "59"]
[EventDate "2024.06.29"]
[EventType "swiss"]
[EventCountry "AZE"]
[SourceTitle "playchess.com"]
[Source "ChessBase"]
[SourceQuality "1"]
[TimeControl "5400+30"]

1. e4 e5 2. Nf3 Nf6 3. Nxe5 d6 4. Nf3 Nxe4 5. d3 Nf6 6. d4 g6 7. Be2 Bg7 8. O-O O-O 9. c4 Bg4 10. h3 Bxf3 11. Bxf3 Nc6 12. Nc3 {[%emt 0:01:11] Repels d5} Re8 13. Be3 Rb8 14. d5 Ne5 15. Be2 a6 16. Rc1 Ned7 17. Qc2 Re7 (17... Rxe3 $5 18. fxe3 Qe7 $11) 18. Bd2 Qf8 19. b4 Rbe8 20. Rfe1 Bh6 21. Bf1 Rxe1 22. Rxe1 Bxd2 23. Qxd2 Rxe1 24. Qxe1 Qe8 ({Black should play} 24... Qh6 $11) 25. Qxe8+ $14 Nxe8 26. h4 Kf8 {[%emt 0:02:31] The position is equal.} 27. g3 Ne5 28. Be2 Ke7 29. Nb1 c5 30. dxc6 {[%emt 0:10:05] Weighted Error Value: White=0.07 (flawless) /Black=0.09 (flawless) .  Mistake:       	---       	Black=1      Inaccurate:     	White=1     	---        OK:         	White=7     	Black=13} (30. f4 $5 Nd7 $8 31. b5 $11) 1/2-1/2

[Event "Baku Open 2024"]
[Site "Baku"]
[Date "2024.07.07"]
[Round "9.41"]
[White "Sherali Pattnaik"]
[Black "Wagh Suyog"]
[Result "0-1"]
[ECO "B12"]
[WhiteElo "1955"]
[BlackElo "2230"]
[Annotator "TA"]
[PlyCount "104"]
[EventDate "2024.06.29"]
[EventType "swiss"]
[EventCountry "AZE"]
[SourceTitle "playchess.com"]
[Source "ChessBase"]
[SourceQuality "1"]
[TimeControl "5400+30"]

1. e4 c6 2. d4 d5 3. e5 Bf5 4. h4 h5 5. Bd3 Bxd3 6. Qxd3 {[%emt 0:00:07][%cal Oe5e6] Black should prevent e6!} Qa5+ 7. Nd2 {[%emt 0:00:03][%cal Oe5e6] aiming for e6!} e6 8. Ngf3 {[%emt 0:00:03] The position is equal.} Ne7 9. O-O Nf5 10. Nb3 Qa6 11. Qd1 Be7 12. g3 Nd7 13. Bg5 Bxg5 14. Nxg5 Rc8 15. a3 g6 16. Re1 Kf8 17. Rc1 Kg7 18. Nh3 (18. Nf3 $11) 18... Qc4 19. Qd2 c5 20. dxc5 Qg4 {[%emt 0:11:15] Black is much more active.} 21. Kh2 Nxc5 22. Nxc5 Rxc5 23. c4 $2 {[%emt 0:00:00] Loses the game.} Rhc8 $19 (23... Rxc4 24. Rxc4 dxc4 (24... Qxc4 25. Rc1 $17) 25. Qd7 $17) (23... dxc4 24. Ng5 Qd4 25. Qe2 $15) 24. cxd5 {[%emt 0:00:00] [#]} (24. Ng5 $142 Rxc4 25. Rxc4 Rxc4 (25... Qxc4 $2 26. Kg2 $19) 26. b3) 24... Nd4 $1 {[%emt 0:14:29] Hoping for ...Nf3+.} (24... Rxd5 25. Qg5 Qxg5 26. Nxg5 $11) 25. Ng5 Rxc1 26. Rxc1 Nb3 (26... exd5 $2 27. Rxc8 Nf3+ 28. Nxf3 Qxc8 29. Qxd5 $18) 27. Rxc8 Nxd2 28. d6 $2 (28. dxe6 Qf5 29. Kg1 Qxe5 (29... fxe6 $2 30. Rc7+ Kf8 31. Nh7+ Ke8 32. Nf6+ Kd8 33. Rd7+ Kc8 34. Rxd2 $17) 30. exf7 Qe1+ (30... Qxb2 31. f8=Q#) 31. Kh2 Qxf2+ 32. Kh1 Qe1+ (32... Qxg3 33. f8=Q#) 33. Kg2 Qf1+ 34. Kh2 Nf3+ 35. Nxf3 Qf2+ (35... Qxf3 36. f8=Q+ Qxf8 37. Rxf8 $11) 36. Kh3 Kxf7 (36... Qxf3 37. f8=Q+ Qxf8 38. Rxf8 $11) (36... Qf1+ $2 37. Kh2 $19) 37. Rc4) 28... Qd4 29. Kg2 Qxe5 (29... Qxb2 $2 {loses.} 30. d7 Qxe5 31. d8=Q $18 (31. d8=R $2 {too greedy.} Qe1 $19)) 30. Rd8 Qe2 31. d7 Qf1+ 32. Kh2 Qxf2+ 33. Kh3 Qd4 {[%emt 0:01:38][%cal Od4d5] [#] ( -> ...Qd5!)} 34. Rh8 Qxd7 ({Not} 34... Kxh8 35. d8=Q+ Qxd8 36. Nxf7+ Kg7 37. Nxd8 $17) 35. Rh7+ Kg8 36. Rxf7 Qxf7 37. Nxf7 Kxf7 {[%emt 0:00:03][%mdl 4096] Endgame. KN-KP} 38. g4 Kf6 {[%emt 0:00:15] Black mates.} 39. gxh5 gxh5 {[%emt 0:00:03] KN-K3P} 40. b4 Kf5 41. b5 Kf4 42. b6 axb6 {[%emt 0:00:03] KN-KPP} 43. a4 Kf3 44. a5 bxa5 {[%emt 0:00:03] KN-KP} 45. Kh2 a4 46. Kh3 b5 47. Kh2 e5 48. Kh3 e4 49. Kh2 e3 50. Kh3 e2 51. Kh2 e1=Q 52. Kh3 Qg3# {[%emt 0:00:09] Weighted Error Value: White=1.05/Black=0.10 (very precise) .  Loses game:     	White=1     	---        Mistake:       	White=3     	---        Inaccurate:     	White=1     	---        OK:         	White=4     	Black=14     Best:        	White=1     	Black=1      Strong:       	---       	Black=1} 0-1

[Event "Baku Open 2024"]
[Site "Baku"]
[Date "2024.07.07"]
[Round "9.42"]
[White "Guliev, Sarhan"]
[Black "Aghaverdiyeva, Maryam"]
[Result "1-0"]
[ECO "D34"]
[WhiteElo "2224"]
[BlackElo "1834"]
[Annotator "RC"]
[PlyCount "79"]
[EventDate "2024.06.29"]
[EventType "swiss"]
[EventCountry "AZE"]
[SourceTitle "playchess.com"]
[Source "ChessBase"]
[SourceQuality "1"]
[TimeControl "5400+30"]

1. d4 d5 2. c4 e6 3. Nc3 c5 4. cxd5 exd5 5. Nf3 Nf6 6. g3 Nc6 7. Bg2 Be7 8. O-O O-O 9. dxc5 Bxc5 10. Bg5 d4 11. Bxf6 Qxf6 12. Nd5 Qd8 13. Nd2 Bg4 14. Nb3 Bb6 15. Re1 Re8 16. Nxb6 axb6 17. Bxc6 bxc6 18. f3 Be6 19. Nxd4 Bxa2 20. Nxc6 Qf6 21. Nd4 Bd5 22. Rxa8 Bxa8 23. Qd2 Rd8 24. Rd1 g6 25. Kf2 h5 26. Qf4 Qxf4 27. gxf4 Bb7 28. e4 Ra8 29. Rd3 Kf8 30. Rb3 Ra6 31. Ke3 Ke7 32. Rc3 Ba8 33. Rc7+ Ke8 34. f5 Ra2 35. f6 h4 36. Re7+ Kf8 37. e5 h3 38. e6 Rxb2 39. Rxf7+ Ke8 40. Rh7 1-0

[Event "Baku Open 2024"]
[Site "Baku"]
[Date "2024.07.07"]
[Round "9.43"]
[White "Shahaliyev, Ismayil"]
[Black "Rebecca Jesumarian"]
[Result "1/2-1/2"]
[ECO "E63"]
[WhiteElo "2385"]
[BlackElo "1866"]
[Annotator "TA"]
[PlyCount "65"]
[EventDate "2024.06.29"]
[EventType "swiss"]
[EventCountry "AZE"]
[SourceTitle "playchess.com"]
[Source "ChessBase"]
[SourceQuality "1"]
[TimeControl "5400+30"]

1. Nf3 Nf6 2. d4 g6 3. c4 Bg7 4. g3 O-O 5. Bg2 d6 6. Nc3 Nc6 7. O-O a6 8. b3 Rb8 9. Bb2 b5 10. cxb5 axb5 11. d5 Na5 12. Nd4 Bd7 (12... b4 {was preferrable.}) 13. Rc1 e5 14. Nc2 (14. dxe6 $14 fxe6 15. Ncxb5) 14... b4 {[%emt 0:05:51] The position is equal.} 15. Nb1 c5 16. dxc6 Bxc6 17. Bxc6 Nxc6 18. Ne3 Qd7 19. Nc4 (19. Nd5 $142 Nxd5 20. Qxd5) 19... Rfd8 20. Nbd2 {[%emt 0:02:26] [#]} Qh3 ({Black should play} 20... Qe6 $1 21. Nf3 Ne4) 21. f3 {[%emt 0:01:32] [#]} (21. Nf3 $142) 21... Nh5 (21... Qe6 $1 $17 {And now ...d5 would win.} 22. e4 d5 23. exd5 Nxd5 (23... Rxd5 24. Qe2 $17)) 22. Ne3 (22. e4 $1 $11 {is superior.}) 22... Ne7 $15 23. Ng4 {[%emt 0:09:17] [#]} Nxg3 24. Nf2 Qh4 25. Rc4 $1 (25. hxg3 Qxg3+ 26. Kh1 Qh4+ 27. Kg1 e4 28. Nfxe4 (28. Bxg7 Qg3+ 29. Kh1 Rb5) 28... Bxb2 $19) 25... e4 26. Ndxe4 $1 Bxb2 (26... Nxf1 27. Nf6+ (27. Nxd6 $2 Qxh2+ 28. Kxf1 Rxd6 $19) 27... Bxf6 28. Rxh4 (28. Kxf1 $2 Qxh2 29. Bxf6 Nf5 $19) 28... Bxb2 29. Qxf1 $11 (29. Kxf1 Nf5 $11)) 27. hxg3 Qh6 {[%emt 0:00:53] aiming for ...d5.} 28. Rc7 (28. Nxd6 $2 {loses.} Be5 29. Ng4 Qh3 30. Nxe5 Qxg3+ 31. Kh1 Qxe5 $19) 28... Nf5 ({Better is} 28... d5 $1 $17 29. Qc2 dxe4 30. Qxb2 Nd5) 29. Qd5 {[%emt 0:01:04][%cal Oe4g5] Threatens to win with Ng5!} Qg7 {[%emt 0:01:21] Strongly threatening ...Ne3.} 30. Rb1 (30. Ng5 $1 $11 Ne3 31. Qxf7+ Qxf7 32. Nxf7) 30... Bd4 31. Ng5 $1 Rf8 (31... Nxg3 $2 {is the wrong capture.} 32. Rxf7 Nxe2+ 33. Kf1 $18) 32. Ne6 {[%emt 0:07:02] Really sharp!} Bxf2+ 33. Kxf2 {[%emt 0:00:03] Weighted Error Value: White=0.22 (precise) /Black=0.33.  Mistake:       	White=5     	Black=3      Inaccurate:     	White=1     	Black=3      OK:         	White=2     	Black=7      Best:        	White=3     	Black=2      Strong:       	White=3     	---        Brilliant:      	---       	Black=1} 1/2-1/2

[Event "Baku Open 2024"]
[Site "Baku"]
[Date "2024.07.07"]
[Round "9.44"]
[White "Nurgali, Nazerke"]
[Black "Lyutsinger, Iren"]
[Result "1/2-1/2"]
[ECO "A13"]
[WhiteElo "2252"]
[BlackElo "2069"]
[Annotator "TA"]
[PlyCount "50"]
[EventDate "2024.06.29"]
[EventType "swiss"]
[EventCountry "AZE"]
[SourceTitle "playchess.com"]
[Source "ChessBase"]
[SourceQuality "1"]
[TimeControl "5400+30"]

1. Nf3 Nf6 2. b3 d5 3. Bb2 c5 4. e3 e6 5. Be2 Bd6 6. c4 Nc6 7. cxd5 exd5 8. O-O O-O 9. d4 cxd4 10. Nxd4 Bc7 11. Nd2 Re8 12. N2f3 Bg4 13. Rc1 Rc8 14. h3 Bh5 (14... Bxf3 $11 {hält das Gleichgewicht.} 15. Bxf3 (15. Nxf3 Ne4 $14) 15... Qd7) 15. Nb5 (15. Nxc6 $16 bxc6 16. g4 (16. Rxc6 Bxf3 17. Rxc7 Rxc7 $11)) 15... Bb8 16. Nbd4 {[%emt 0:08:39] Weiß steht aktiver.} (16. Bxf6 $16 Qxf6 17. Qxd5) 16... Qd7 (16... Bc7 $11) 17. Nxc6 $14 Rxc6 18. Rxc6 bxc6 19. Qc2 Ne4 20. Rc1 c5 21. Qd3 ({Besser ist} 21. Ng5 $16 {Droht Nxe4 und aus.} Bxe2 22. Nxe4 dxe4 23. Qxe2) 21... Qd6 $11 22. Kf1 h6 23. Qb5 {[%emt 0:06:37] [#]} (23. Rd1 $11 Rd8 24. Be5) 23... Re6 ({Vorzuziehen ist} 23... Qe6 $1 $17 {[%cal Oe4f2] ...Nxf2! ist eine echte Drohung.} 24. Qd3 Bg6) 24. Ba3 a6 25. Qb7 {[%emt 0:00:20] Und Qc8+ würde nun gewinnen.} Kh7 {[%emt 0:01:02] Gewichteter Fehlerwert: Weiß=0.25 (präzise) /Schwarz=0.27 (präzise) .  Fehler:       	Weiß=4     	Schwarz=3     Ungenau:       	---       	Schwarz=2     OK:         	Weiß=7     	Schwarz=6} 1/2-1/2